 Dungeon Crawl Stone Soup version 0.31.0-32-g396128a36d (webtiles) character file.

Game seed: 5418760207422952041

583945 carontestyx the Slayer (level 27, -22/468 HPs)
             Began as an Oni Shapeshifter on Apr 3, 2024.
             Was the Champion of Wu Jian.
             Annihilated by Tiamat
             ... wielding a +8 glaive of protection
              (101 damage)
             ... on level 2 of the Realm of Zot on Apr 7, 2024.
             The game lasted 06:56:45 (99614 turns).

carontestyx the Slayer (Oni Shapeshifter)          Turns: 99614, Time: 06:56:46

Health: -22/468    AC: 21    Str: 36    XL:     27
Magic:  25/25      EV:  5    Int: 11    God:    Wu Jian [******]
Gold:   5359       SH: 15    Dex:  6    Spells: 24/26 levels left

rFire   + +          .
                       - Unarmed
rCold   + + .        B - +5 kite shield {AC+3}
rNeg    . . .        t - +9 scales of the Dragon King {rPois rF+ rC+ Will+}
rPois   +            (helmet currently unavailable)
rElec   +            (cloak currently unavailable)
rCorr   +            (gloves unavailable)
SInv    +            (boots unavailable)
Will    +++..        Q - amulet of Qenworucw {Acrobat rCorr} Stlth
                     Z - ring "Udaupewy" {rElec rC+ SInv}
HPRegen 0.98/turn    M - ring of Pantheism {Fly rF+}
MPRegen 0.19/turn

%: acrobat
@: berserking (expiring), lethally poisoned (-22 -> -40), beast-form, corroded,
flying, studying 2 skills, very quick
A: beast (slay +4), large, unfitting armour, horns 1, tough skin 1, double
potion healing, drunken brawling, talons 1, clumsy 1, high MP 1, MP-powered
wands
}: 3/15 runes: barnacled, slimy, gossamer
a: Begin Untransformation, Renounce Religion, Wall Jump, Serpent's Lash,
Heavenly Storm


You were on level 2 of the Realm of Zot.
You worshipped Wu Jian.
Wu Jian was exalted by your worship.
You were a hulking beast.
You visited 11 branches of the dungeon, and saw 50 of its levels.
You also visited: Ossuary, Gauntlet, Ice Cave and Volcano.

You collected 7568 gold pieces.
You spent 2209 gold pieces at shops.

Inventory:

Missiles
 f - 18 atropa-tipped darts
 l - 66 poisoned darts
 q - 2 boomerangs
 s - 13 curare-tipped darts
 P - 9 silver javelins
 S - 71 large rocks (quivered)
 Y - 25 javelins
Armour
 p - a scarf of resistance
 t - the +9 scales of the Dragon King (worn) {rPois rF+ rC+ Will+}
   (You found it on level 1 of the Spider Nest)

   rF+:       It protects you from fire.
   rC+:       It protects you from cold.
   rPois:     It protects you from poison Will+: It increases your willpower.
 B - a +5 kite shield of protection (worn)
Jewellery
 y - the ring "Bukkely" {*Corrode rElec rN+ Will+}
   (You acquired it on level 4 of the Depths)

   [ring of positive energy]

   rElec:     It insulates you from electricity.
   rN+:       It protects you from negative energy.
   Will+:     It increases your willpower.
   *Corrode:  It may corrode you when you take damage.
 L - the amulet of Kiapp {+Blink Will+ Regen+ MP+9}
   (You found it on level 5 of the Pits of Slime)

   [amulet of regeneration]

   Will+:     It increases your willpower.
   MP+9:      It affects your magic capacity (+9).
   +Blink:    It lets you blink.
   Regen+:    It increases your rate of health regeneration.
 M - the ring of Pantheism (right hand) {Fly rF+}
   (You found it on level 9 of the Dungeon)

   [ring of flight]

   rF+:       It protects you from fire.
   Fly:       It grants you flight.
 Q - the amulet of Qenworucw (around neck) {Acrobat rCorr}
   (You took it off a vault sentinel on level 4 of the Vaults)

   [amulet of the acrobat]

   Acrobat:   It increases your evasion while moving and waiting.
   rCorr:     It protects you from acid and corrosion.
 Z - the ring "Udaupewy" (left hand) {rElec rC+ SInv}
   (You found it in a Gauntlet)

   [ring of see invisible]

   rC+:       It protects you from cold.
   rElec:     It insulates you from electricity.
   SInv:      It lets you see invisible.
Talismans
 c - a beast talisman (active)
Wands
 a - a wand of flame (155)
 g - a wand of iceblast (41)
 z - a wand of digging (22)
 F - a wand of mindburst (45)
 I - a wand of polymorph (28)
 N - a wand of acid (23)
 V - a wand of paralysis (50)
Scrolls
 k - 24 scrolls of teleportation
 m - 10 scrolls of vulnerability
 n - 6 scrolls of revelation
 r - 9 scrolls of fear
 u - 5 scrolls of blinking
 w - 11 scrolls of fog
 x - 5 scrolls of silence
 J - 4 scrolls of poison
 X - 6 scrolls of summoning
Potions
 b - 10 potions of lignification
 e - 6 potions of brilliance
 h - 11 potions of attraction
 i - 4 potions of berserk rage
 j - 4 potions of cancellation
 o - 8 potions of ambrosia
 v - 3 potions of heal wounds
 A - 13 potions of might
 D - 9 potions of invisibility
 E - 5 potions of enlightenment
 G - 4 potions of magic
 H - 7 potions of haste
 K - 4 potions of mutation
 O - 17 potions of curing
 R - 6 potions of resistance
Miscellaneous
 d - a phantom mirror


   Skills:
 + Level 24.4 Fighting
 + Level 23.2 Throwing
 + Level 11.1 Dodging
 - Level 12.0 Shields
 * Level 24.3 Unarmed Combat
 - Level 0.3 Spellcasting
 - Level 2.7 Translocations
 + Level 15.8 Shapeshifting


You had 24 spell levels left.
You knew the following spells:

 Your Spells              Type           Power      Damage    Failure   Level
a - Blink                 Tloc           12%        N/A       100%        2

Your spell library contained the following spells:

 Spells                   Type           Power      Damage    Failure   Level
 Apportation              Tloc           12%        N/A       99%         1
 Necrotise                Necr           0%         1d4       100%        1
 Shock                    Conj/Air       0%         1d3       100%        1
 Slow                     Hex            0%         N/A       100%        1
 Sting                    Conj/Alch      0%         1d3       100%        1
 Summon Small Mammal      Summ           0%         N/A       100%        1
 Call Imp                 Summ           0%         N/A       100%        2
 Cigotuvi's Dreadful Rot  Necr/Alch/Air  0%         N/A       100%        2
 Ensorcelled Hibernation  Hex/Ice        0%         N/A       100%        2
 Lesser Beckoning         Tloc           12%        N/A       100%        2
 Mercury Vapours          Alch/Air       0%         N/A       100%        2
 Momentum Strike          Conj/Tloc      6%         3d8       100%        2
 Static Discharge         Conj/Air       0%         3-3/arc   100%        2
 Sublimation of Blood     Necr           0%         N/A       100%        2
 Call Canine Familiar     Summ           0%         N/A       100%        3
 Dazzling Flash           Conj/Hex       0%         N/A       100%        3
 Fugue of the Fallen      Necr           0%         N/A       100%        3
 Gell's Gravitas          Tloc           6%         N/A       100%        3
 Inner Flame              Hex/Fire       0%         N/A       100%        3
 Mephitic Cloud           Conj/Alch/Air  0%         N/A       100%        3
 Ozocubu's Armour         Ice            0%         N/A       100%        3
 Sigil of Binding         Hex            0%         N/A       100%        3
 Stone Arrow              Conj/Erth      0%         3d7       100%        3
 Teleport Other           Tloc           6%         N/A       100%        3
 Tukima's Dance           Hex            0%         N/A       100%        3
 Anguish                  Hex/Necr       0%         N/A       100%        4
 Animate Armour           Summ/Erth      0%         N/A       100%        4
 Animate Dead             Necr           0%         N/A       100%        4
 Dimensional Bullseye     Hex/Tloc       1%         N/A       100%        4
 Flame Wave               Conj/Fire      0%         2d4       100%        4
 Ignite Poison            Fire/Alch      0%         N/A       100%        4
 Iskenderun's Mystic Bla  Conj/Tloc      3%         2d3       100%        4
 Leda's Liquefaction      Alch/Erth      0%         N/A       100%        4
 Olgreb's Toxic Radiance  Alch           0%         N/A       100%        4
 Passage of Golubria      Tloc           6%         N/A       100%        4
 Petrify                  Alch/Erth      0%         N/A       100%        4
 Sticky Flame             Fire/Alch      0%         2d4       100%        4
 Summon Blazeheart Golem  Fire/Summ      0%         N/A       100%        4
 Summon Lightning Spire   Summ/Air       0%         N/A       100%        4
 Vhi's Electric Charge    Tloc/Air       6%         N/A       100%        4
 Alistair's Intoxication  Alch           0%         N/A       100%        5
 Arcjolt                  Conj/Air       0%         1d10      100%        5
 Borgnjor's Vile Clutch   Necr/Erth      0%         N/A       100%        5
 Curse of Agony           Necr           0%         N/A       100%        5
 Freezing Cloud           Conj/Ice/Air   0%         6-21      100%        5
 Irradiate                Conj/Alch      0%         3d11      100%        5
 Lee's Rapid Deconstruct  Erth           0%         3d4*      100%        5
 Metabolic Englaciation   Hex/Ice        0%         N/A       100%        5
 Silence                  Hex/Air        0%         N/A       100%        5
 Summon Forest            Summ/Tloc      1%         N/A       100%        5
 Summon Mana Viper        Hex/Summ       0%         N/A       100%        5
 Yara's Violent Unravell  Hex/Alch       0%         3d3       100%        5
 Bombard                  Conj/Erth      0%         9d1       100%        6
 Death Channel            Necr           0%         N/A       100%        6
 Dispersal                Tloc           3%         N/A       100%        6
 Eringya's Noxious Bog    Alch           0%         4d6       100%        6
 Plasma Beam              Fire/Air       0%         2x1d10    100%        6
 Sculpt Simulacrum        Ice/Alch       0%         N/A       100%        6
 Starburst                Conj/Fire      0%         6d3       100%        6
 Summon Cactus Giant      Summ           0%         N/A       100%        6
 Enfeeble                 Hex            0%         N/A       100%        7
 Monstrous Menagerie      Summ           0%         N/A       100%        7
 Orb of Destruction       Conj           0%         9d5       100%        7
 Ozocubu's Refrigeration  Ice            0%         4d7       100%        7
 Spellforged Servitor     Conj/Summ      0%         N/A       100%        7
 Lehudib's Crystal Spear  Conj/Erth      0%         10d2      100%        8
 Maxwell's Capacitive Co  Air            0%         ∞         100%        8
 Chain Lightning          Conj/Air       0%         N/A       100%        9
 Dragon's Call            Summ           0%         N/A       100%        9
 Fire Storm               Conj/Fire      0%         5d1       100%        9
 Polar Vortex             Ice            0%         N/A       100%        9
 Shatter                  Erth           0%         3d5*      100%        9


Dungeon Overview and Level Annotations

Branches:
Dungeon (15/15)            Temple (1/1) D:6            Lair (5/5) D:11
 Shoals (4/4) Lair:2       Spider (4/4) Lair:3        Slime (5/5) Lair:5
    Orc (2/2) D:11            Elf (3/3) Orc:2        Vaults (4/5) D:14
  Crypt (0/3) Vaults:2     Depths (4/4) D:15            Zot (3/5) Depths:4
Ossuary (visited)           IceCv (visited)         Volcano (visited)
Gauntlet (visited)

Altars:
Ashenzari
Cheibriados
Dithmenos
Elyvilon
Fedhas
Gozag
Hepliaklqana
Kikubaaqudgha
Makhleb
Nemelex Xobeh
Okawaru
Qazlal
Ru
Sif Muna
Trog
Uskayaw
Vehumet
Wu Jian
Xom
Yredelemnul
Zin
The Shining One
Jiyva
Lugonu

Shops:
D:5 !   D:14 ?**   Orc:2 =*[(:   Elf:2 *   Depths:4 :

Portals:
Hell: Depths:1 Depths:2 Depths:3 Depths:4
Abyss: Shoals:2 Depths:3
Pandemonium: Depths:1 Depths:2
Ziggurat: Depths:3

Annotations:
Shoals:2 1 runed translucent door
Elf:3 1 runed translucent door, Athor's ghost, adept FeFi
Depths:4 36 runed translucent doors
Zot:2 Tiamat


Innate Abilities, Weirdness & Mutations

You are a hulking beast.
Your limbs bulge with bestial killing power. (Slay +4)
You are too large for most types of armour.
You have a pair of small horns on your head.
You have tough skin. (AC +1)
You gain doubled healing and magic from potions.
Whenever you drink a healing potion, you attack all around you.
You have sharp toenails.
You are clumsy. (Dex -2)
You have an increased reservoir of magic. (+10% MP)
You expend magic power (3 MP) to strengthen your wands.


Message History

You feel sick. You block the red draconian's attack.
Tiamat hits you with a +8 glaive of protection!!!!
Tiamat tail-slaps you!!!
* * * LOW HITPOINT WARNING * * *
Unknown command.
You are too berserk!
You are too berserk!
Unknown command.
You are too berserk!
You pummel Tiamat!! Your kick misses Tiamat.
You headbutt Tiamat, but do no damage.
Tiamat is almost dead.
You feel sick.
The yellow draconian annihilator spits acid at you.
The glob of acid hits you. You resist.
* * * LOW HITPOINT WARNING * * *
The moth of wrath closely misses you.
You hit Tiamat but do no damage. You claw Tiamat, but do no damage.
You headbutt Tiamat.
Tiamat is almost dead.
You feel sick. You block the red draconian's attack.
You block the green draconian's attack. x2
Tiamat hits you with a +8 glaive of protection!
* * * LOW HITPOINT WARNING * * *
Tiamat barely misses you.
The yellow draconian hits you but does no damage.
You punch Tiamat! You claw Tiamat, but do no damage.
Your headbutt misses Tiamat.
Tiamat is almost dead.
You feel sick.
The moth of wrath goads the green draconian on!
The green draconian goes berserk!
The yellow draconian annihilator casts a spell at you.
The poison arrow hits you!!
You are more poisoned.
You partially resist.
* * * LOW HITPOINT WARNING * * *
You block the red draconian's attack.
Tiamat hits you with a +8 glaive of protection!!!!
You die...

#...#........#
#...#...######
#...#....#
#...#....############
#....................
#...........(........
#.......#############
#..ydq..#############
#..dhd..).[....<.....
#####d..))...........
#...).........†..
######...########
#...# #####


You could see Tiamat (berserk), a yellow draconian, a green draconian (berserk,
corroded), a red draconian (berserk), a yellow draconian annihilator (catching
breath) and a moth of wrath (corroded).

Vanquished Creatures
  Dissolution (Slime:1)
  the Royal Jelly (Slime:5)
  A juggernaut (Depths:3)
  The ghost of Faydane the Hoplite, a veteran HuFi of the Shining One (Vaults:3)
  Margery (Depths:3)
  A caustic shrike (Depths:1)
  6 golden dragons
  Nikola (Vaults:1)
  A bone dragon (Depths:4)
  An electric golem (Zot:1)
  8 tentacled monstrosities
  Mlioglotl (Shoals:4)
  2 titans
  3 liches
  Rupert (Lair:5)
  3 quicksilver dragons
  2 deep elf blademasters (Elf:3)
  5 sphinxes
  A walking frostbound tome (Depths:3)
  The ghost of Curaycu the Acrobat, an adept FeFi of Jiyva (Elf:1)
  A deep elf master archer (Elf:3)
  A searing wretch (Depths:2)
  21 acid blobs
  6 death cobs
  3 ancient champions
  6 storm dragons
  4 shadow dragons
  A tengu reaver (Depths:3)
  7 azure jellies
  8 fire giants
  14 rockslimes
  A draconian shifter (Zot:1)
  6 emperor scorpions
  2 draconian monks (Zot:2)
  9 frost giants
  6 deep elf sorcerers
  3 draconian scorchers
  5 draconian knights
  8 deep elf elementalists (Elf:3)
  6 ghost moths
  10 vault wardens
  17 ironbound preservers
  2 spriggan defenders (Depths:4)
  6 orc warlords
  2 draconian annihilators
  4 ironbound thunderhulks
  3 broodmothers
  11 quicksilver oozes
  3 formless jellyfish
  6 very ugly things
  6 green draconians
  10 stone giants
  5 vampire knights
  12 dire elephants
  5 black draconians
  8 white draconians
  6 deep elf demonologists
  2 minotaurs
  7 deep elf death magi
  6 deep elf annihilators
  6 purple draconians
  8 spark wasps
  5 red draconians
  7 yellow draconians
  Azrael (D:15)
  2 merfolk javelineers
  8 ettins
  A green death (Depths:2)
  A blizzard demon (Depths:1)
  11 merfolk impalers
  2 mummy priests (Depths:2)
  10 deep elf high priests
  7 entropy weavers
  12 ice dragons
  4 fire dragons
  18 yaktaur captains
  2 rakshasas
  12 great orbs of eyes
  5 vault guards
  2 peacekeepers
  The ghost of Frank the Basher, a journeyman DsFi of Makhleb (Lair:1)
  2 merfolk aquamancers (Shoals:4)
  A ghost crab (Spider:2)
  10 hydras
  6 two-headed ogres
  16 centaur warriors
  5 spriggan air magi
  4 catoblepae
  A death knight (D:10)
  The ghost of KineticRobot the Cleaver, a novice HOFi of Okawaru (D:8)
  2 merfolk avatars (Shoals:3)
  4 radroaches
  9 death yaks
  10 tengu warriors
  11 ironbound frosthearts
  3 vampire magi
  32 dancing weapons
  A sphinx skeleton (Vaults:1)
  7 boulder beetles
  3 deep troll shamans
  A naga sharpshooter (Depths:3)
  7 deep troll earth magi
  10 demonic crawlers
  A hell hog (Gauntlet)
  5 orc high priests
  9 spriggan berserkers
  3 occultists
  Urug (Lair:2)
  23 hell knights
  2 salamander mystics (Depths:2)
  14 deep elf knights
  A soul eater (Depths:2)
  4 iron trolls
  A titan skeleton (Vaults:4)
  5 skeletal warriors
  3 skysharks
  10 sea snakes
  A sixfirhy (Depths:1)
  30 deep trolls
  5 pharaoh ants
  A swamp dragon (Lair:5)
  3 glowing orange brains
  15 orb spiders
  4 sun moths
  6 arcanists
  A sea snake (shapeshifter) (Vaults:4)
  21 harpies
  A tengu zombie (Vaults:4)
  5 phantasmal warriors
  A shadow dragon zombie (Vaults:4)
  3 flayed ghosts
  An orange crystal statue (Depths:1)
  7 deep elf archers
  35 deep elf pyromancers
  An anaconda skeleton (Volcano)
  A harpy (shapeshifter) (Elf:1)
  30 deep elf zephyrmancers
  A steelbarb worm (shapeshifter) (Depths:3)
  Pikel (D:9)
  6 steelbarb worms
  15 orc knights
  A stone giant zombie (Vaults:4)
  13 lindwurms
  16 necromancers
  15 ironbound convokers
  3 oklob plants
  31 wolf spiders
  53 ugly things
  6 orc sorcerers
  3 alligator skeletons (Volcano)
  10 manticores
  15 fauns
  2 shining eyes (Slime:3)
  A stone giant skeleton (Depths:1)
  10 moths of wrath
  8 merfolk sirens
  6 meliai
  6 cyclopes
  8 elephants
  2 apocalypse crabs (Shoals:2)
  A fire giant skeleton (Vaults:4)
  17 vault sentinels
  6 torpor snails
  5 black mambas
  A minotaur zombie (Gauntlet)
  2 water nymphs
  An eye of devastation (Slime:4)
  A frost giant skeleton (Vaults:1)
  11 cane toads
  9 gargoyles
  14 rime drakes
  12 komodo dragons
  An unseen horror (D:11)
  31 yaktaurs
  2 yaktaur zombies (Vaults:4)
  3 kobold demonologists
  Psyche (D:10)
  A golden dragon simulacrum (Depths:1)
  A human skeleton (Vaults:4)
  5 tengu conjurers
  A komodo dragon (shapeshifter) (Elf:2)
  A troll (shapeshifter) (Elf:3)
  3 wind drakes
  11 polar bears
  4 trolls
  5 glass eyes
  27 blink frogs
  34 merfolk
  5 tyrant leeches (Spider:2)
  30 tarantellas
  A dream sheep (shapeshifter) (Vaults:1)
  7 hornets
  A frost giant simulacrum (Vaults:4)
  A harpy skeleton (Volcano)
  4 snapping turtles
  An elf zombie (Vaults:4)
  An ettin zombie (Vaults:4)
  A centaur simulacrum (D:12)
  5 dream sheep (Lair:4)
  126 slime creatures
  Sigmund (D:4)
  25 jumping spiders
  3 air elementals
  8 spriggans
  2 shadows
  25 culicivoras
  2 wyverns
  A vampire (D:12)
  6 water elementals
  9 fire elementals
  4 wraiths
  56 yaks
  A warg (shapeshifter) (Elf:1)
  3 fire bats (Gauntlet)
  5 golden eyes
  5 basilisks
  4 steam dragons
  56 redbacks
  16 vampire mosquitoes
  2 wargs (Orc:2)
  A yaktaur simulacrum (Vaults:1)
  A swamp worm (shapeshifter) (Elf:2)
  2 nagas (Depths:3)
  2 glowing shapeshifter zombies
  16 water moccasins
  7 acid dragons
  3 hell hounds
  A sky beast (D:7)
  34 orc warriors
  2 laughing skulls (Volcano)
  An ice beast (D:6)
  A black bear (D:7)
  2 swamp drakes (Lair:5)
  4 boggarts (Vaults:3)
  2 ogres (D:5)
  16 wolves
  18 centaurs
  A lemure (D:9)
  9 kobold brigands
  A weeping skull (Volcano)
  3 human zombies
  A gnoll sergeant (D:6)
  4 earth elementals
  8 bullfrogs
  12 scorpions
  A glowing shapeshifter simulacrum (Depths:1)
  An ogre simulacrum (Vaults:1)
  3 wights (D:8)
  6 killer bees (D:9)
  A troll skeleton (Volcano)
  3 spriggan skeletons (Volcano)
  2 howler monkeys
  2 electric eels (Lair:4)
  A bombardier beetle (D:5)
  11 jellies
  32 orc priests
  A sleepcap (D:5)
  5 scorpion zombies (Ossuary)
  6 iguanas
  Terence (D:2)
  29 orc wizards
  2 naga skeletons (Volcano)
  A boggart simulacrum (Gauntlet)
  4 mummies
  7 gnolls
  8 adders
  2 white imps
  6 ufetubi (D:5)
  3 adder zombies (Ossuary)
  3 dart slugs
  3 ribbon worms
  73 orcs
  4 ball pythons
  8 endoplasms
  6 giant cockroaches
  7 hobgoblins
  9 jackals
  2 quokkas
  3 bats
  A frilled lizard (D:1)
  2 gnoll zombies (Ossuary)
  8 goblins
  4 jackal zombies (Ossuary)
  25 kobolds
  5 kobold zombies
  4 rats
2133 creatures vanquished.

Vanquished Creatures (collateral kills)
  A naga warrior (Elf:1)
1 creature vanquished.

Vanquished Creatures (others)
  A dancing weapon (Elf:3)
  A deep elf knight (Elf:3)
  A tyrant leech (Spider:2)
  A polar bear (IceCv)
  An electric eel (D:14)
  An orc wizard (D:14)
  3 orcs (D:14)
  2 kobolds (D:10)
11 creatures vanquished.

Grand Total: 2145 creatures vanquished

Notes
Turn   | Place    | Note
-------+----------+-------------------------------------------
     0 | D:1      | carontestyx the Oni Shapeshifter began the quest for the
                  | Orb.
     0 | D:1      | Reached XP level 1. HP: 19/19 MP: 1/1
   142 | D:1      | Reached XP level 2. HP: 28/28 MP: 2/2
   637 | D:1      | Reached XP level 3. HP: 35/35 MP: 3/3
   835 | D:2      | Reached skill level 1 in Throwing
  1018 | D:2      | Identified the +0 robe of Vanity {rN+}
  1084 | D:2      | Noticed Terence
  1098 | D:2      | Killed Terence
  1099 | D:2      | Reached XP level 4. HP: 32/44 MP: 4/4
  1793 | D:3      | Reached XP level 5. HP: 53/53 MP: 5/5
  2357 | D:3      | Reached XP level 6. HP: 44/61 MP: 6/6
  2690 | D:4      | Found a sand-covered staircase.
  2735 | Ossuary  | Entered an ossuary
  2950 | Ossuary  | Reached skill level 5 in Unarmed Combat
  3028 | Ossuary  | Reached XP level 7. HP: 67/70 MP: 7/7
  3596 | D:4      | Noticed Sigmund
  3969 | D:4      | Reached skill level 5 in Fighting
  4160 | D:5      | Entered Level 5 of the Dungeon
  4369 | D:5      | Reached XP level 8. HP: 51/80 MP: 8/8
  4570 | D:5      | Noticed a shadow
  4611 | D:5      | Killed a shadow
  5173 | D:5      | Reached skill level 5 in Shapeshifting
  5337 | D:6      | Found a staircase to the Ecumenical Temple.
  5397 | Temple   | Entered the Ecumenical Temple
  5749 | D:6      | Reached XP level 9. HP: 42/92 MP: 9/9
  8489 | D:8      | Noticed a hornet
  8500 | D:8      | Killed a hornet
  9021 | D:8      | Found a white marble altar of Elyvilon.
  9045 | D:8      | Found a runed translucent gate.
  9045 | D:8      | Found a runed translucent gate.
  9045 | D:8      | Noticed KineticRobot's ghost (novice HOFi)
  9045 | D:8      | Noticed a ten-headed hydra
  9046 | D:8      | Found a runed translucent gate.
  9232 | D:8      | Found a blossoming altar of Fedhas.
  9235 | D:8      | Found an ornate altar of the Wu Jian Council.
  9426 | D:9      | Noticed Pikel
  9429 | D:9      | Killed Pikel
  9430 | D:9      | Reached XP level 10. HP: 92/106 MP: 10/10
  9783 | D:8      | Became a worshipper of the Wu Jian Council
 10126 | D:9      | Identified the ring of Pantheism {Fly rF+}
 10390 | D:9      | Reached skill level 5 in Throwing
 10663 | D:10     | Entered Level 10 of the Dungeon
 10733 | D:10     | Identified a scroll of acquirement
 10733 | D:10     | Acquired the +1 hat of Dufe {Regen+}
 10884 | D:10     | Noticed Psyche
 10893 | D:10     | Reached skill level 10 in Unarmed Combat
 10895 | D:10     | Killed Psyche
 10975 | D:10     | Reached * piety under Wu Jian
 11070 | D:10     | Noticed a death knight
 11185 | D:10     | Found an iron altar of Okawaru.
 11313 | D:10     | Found a radiant altar of Vehumet.
 11344 | D:10     | Reached skill level 10 in Fighting
 11365 | D:10     | Reached XP level 11. HP: 77/118 MP: 11/11
 12288 | D:11     | Noticed a cyclops
 12297 | D:11     | Killed a cyclops
 12323 | D:11     | Noticed a cyclops
 12334 | D:11     | Killed a cyclops
 13005 | D:11     | Noticed a two-headed ogre
 13009 | D:11     | Noticed a boulder beetle
 13009 | D:11     | Killed a two-headed ogre
 13019 | D:11     | Killed a boulder beetle
 13188 | D:11     | Found a staircase to the Orcish Mines.
 13657 | D:11     | Noticed a two-headed ogre
 13662 | D:11     | Killed a two-headed ogre
 13948 | D:11     | Noticed a two-headed ogre
 13951 | D:11     | Killed a two-headed ogre
 14123 | D:11     | Found a staircase to the Lair.
 14409 | D:11     | Reached XP level 12. HP: 55/130 MP: 12/12
 15175 | D:4      | Killed Sigmund
 15209 | D:5      | Found Gorucreu's Distillery.
 15212 | D:5      | Bought a potion of curing for 30 gold pieces
 15212 | D:5      | Bought a potion of might for 40 gold pieces
 15212 | D:5      | Bought a potion of haste for 100 gold pieces
 15212 | D:5      | Bought a potion of curing for 30 gold pieces
 15212 | D:5      | Bought a potion of heal wounds for 50 gold pieces
 15212 | D:5      | Bought a potion of curing for 30 gold pieces
 15212 | D:5      | Bought a potion of ambrosia for 80 gold pieces
 15212 | D:5      | Bought a potion of heal wounds for 50 gold pieces
 15213 | D:5      | Gained mutation: You expend magic power (3 MP) to
                  | strengthen your wands. [potion of mutation]
 15213 | D:5      | Gained mutation: You have an increased reservoir of magic.
                  | (+10% MP) [potion of mutation]
 15213 | D:5      | Gained mutation: You are clumsy. (Dex -2) [potion of
                  | mutation]
 15213 | D:5      | Gained mutation: You have sharp toenails. [potion of
                  | mutation]
 15687 | D:10     | Killed a death knight
 15889 | Lair:1   | Entered Level 1 of the Lair of Beasts
 16031 | Lair:1   | Noticed Frank's ghost (journeyman DsFi)
 16268 | Lair:1   | Reached ** piety under Wu Jian
 16487 | Lair:1   | Reached skill level 5 in Dodging
 17008 | Lair:1   | Found a transporter.
 17170 | Lair:1   | Found a transporter.
 17187 | Lair:1   | Found a bloodstained altar of Trog.
 17871 | Lair:2   | Found a staircase to the Shoals.
 17873 | Lair:2   | Reached skill level 10 in Throwing
 17928 | Lair:2   | Reached XP level 13. HP: 121/141 MP: 14/14
 18048 | Lair:2   | Reached *** piety under Wu Jian
 18952 | Lair:2   | Noticed Urug
 18955 | Lair:2   | Killed Urug
 19776 | Lair:3   | Found the +4 Cigotuvi's embrace {Corpsefed rMiasma ^Drain
                  | rN+}
 19968 | Lair:3   | Found a hole to the Spider Nest.
 20580 | Lair:4   | Identified the +5 ring mail "Rocasuze" {Regen+ Str+4 SInv}
 20582 | Lair:4   | Reached **** piety under Wu Jian
 21116 | Lair:4   | Reached XP level 14. HP: 149/153 MP: 15/15
 21978 | Lair:4   | Found a burning altar of Makhleb.
 22185 | Lair:5   | Entered Level 5 of the Lair of Beasts
 22789 | Lair:5   | Found a staircase to the Slime Pits.
 22789 | Lair:5   | Found a viscous altar of Jiyva.
 22801 | Lair:5   | Found a dark tunnel.
 22814 | Volcano  | Entered a volcano
 23013 | Volcano  | Reached ***** piety under Wu Jian
 23936 | Lair:5   | Reached skill level 15 in Unarmed Combat
 23963 | Lair:5   | Noticed Rupert
 23971 | Lair:5   | Killed Rupert
 25368 | Lair:5   | Reached XP level 15. HP: 165/165 MP: 16/16
 25374 | Lair:5   | Reached skill level 15 in Fighting
 26192 | Orc:1    | Entered Level 1 of the Orcish Mines
 26301 | Orc:1    | Reached skill level 1 in Translocations
 26528 | Orc:2    | Entered Level 2 of the Orcish Mines
 26979 | Orc:1    | Reached ****** piety under Wu Jian
 28138 | Orc:2    | Noticed an orc warlord
 29046 | Orc:2    | Killed an orc warlord
 29148 | Orc:2    | Found Raxzyatado's Antique Armour Shop.
 29148 | Orc:2    | Found Ofaf's Antique Weapon Boutique.
 29150 | Orc:2    | Found Najez's General Store.
 29150 | Orc:2    | Found Wiomo's Jewellery Shop.
 29174 | Orc:2    | Bought a potion of curing for 54 gold pieces
 29371 | Orc:2    | Found Gol Lith's Book Emporium.
 29442 | Orc:2    | Found a staircase to the Elven Halls.
 29472 | Orc:2    | Learned a level 2 spell: Blink
 29655 | D:12     | Found a gate leading to a gauntlet.
 29661 | Gauntlet | Entered a Gauntlet
 29661 | Gauntlet | Found a transporter.
 29661 | Gauntlet | Found a transporter.
 29673 | Gauntlet | Found a transporter.
 29688 | Gauntlet | Found a transporter.
 29691 | Gauntlet | Found a transporter.
 29691 | Gauntlet | Found a transporter.
 29693 | Gauntlet | Found a transporter.
 29693 | Gauntlet | Found a transporter.
 29707 | Gauntlet | Found a transporter.
 29723 | Gauntlet | Found a transporter.
 29733 | Gauntlet | Found a transporter.
 29747 | Gauntlet | Found a transporter.
 29780 | Gauntlet | Found a transporter.
 29792 | Gauntlet | Found a transporter.
 30228 | Gauntlet | Identified the ring "Xetuet" {rElec rF+ Str+2 Dex-3}
 30286 | Gauntlet | Identified the ring "Udaupewy" {rElec rC+ SInv}
 30497 | Gauntlet | Got the Secrets of Composition
 31945 | D:12     | Identified the +4 morningstar "Qeontoq" {drain, rCorr
                  | Str+2}
 33267 | D:13     | Reached XP level 16. HP: 79/179 MP: 18/18
 34155 | D:14     | Found Aronueph's Assorted Antiques.
 34155 | D:14     | Found Viuc's Assorted Antiques.
 34155 | D:14     | Found Hero's Magic Scroll Shop.
 34761 | D:14     | Found a stormy altar of Qazlal.
 35302 | D:14     | Found a gate to the Vaults.
 35809 | D:15     | Entered Level 15 of the Dungeon
 35874 | D:15     | Reached skill level 15 in Throwing
 35960 | D:15     | Found a staircase to the Depths.
 36730 | D:15     | Noticed Azrael
 36742 | D:15     | Killed Azrael
 37246 | D:15     | Identified the +7 flail of Qicil {drain, rF+}
 37399 | D:14     | Bought a scroll of fog for 60 gold pieces
 37399 | D:14     | Bought a scroll of teleportation for 45 gold pieces
 37399 | D:14     | Bought a scroll of fog for 60 gold pieces
 37653 | Spider:1 | Entered Level 1 of the Spider Nest
 37794 | Spider:1 | Found a glacial archway.
 37872 | IceCv    | Entered an ice cave
 39179 | IceCv    | Reached XP level 17. HP: 144/189 MP: 19/19
 39960 | IceCv    | Reached skill level 10 in Shapeshifting
 42177 | Spider:1 | Found the +9 scales of the Dragon King {rPois rF+ rC+
                  | Will+}
 42181 | Spider:1 | Identified the +9 short sword of the Wilderness {flame,
                  | Will+ Stlth+}
 45612 | Spider:2 | Reached XP level 18. HP: 159/202 MP: 20/20
 46708 | Spider:4 | Entered Level 4 of the Spider Nest
 51113 | Spider:4 | Got a gossamer rune of Zot
 51373 | Shoals:1 | Entered Level 1 of the Shoals
 53842 | Shoals:2 | Reached XP level 19. HP: 209/213 MP: 21/21
 53882 | Shoals:2 | Reached XP level 20. HP: 200/223 MP: 22/22
 54191 | Shoals:2 | Found a runed translucent door.
 54232 | Shoals:2 | Found a corrupted altar of Lugonu.
 54669 | Shoals:2 | Found a one-way gate to the infinite horrors of the Abyss.
 56384 | Shoals:4 | Entered Level 4 of the Shoals
 58249 | Shoals:4 | Noticed Mlioglotl
 58255 | Shoals:4 | Killed Mlioglotl
 58383 | Shoals:4 | Identified the +11 crystal plate armour of Defence {Fly rF-
                  | rC+}
 58586 | Shoals:4 | Got a barnacled rune of Zot
 59154 | Orc:2    | Bought a ring of willpower for 450 gold pieces
 59154 | Orc:2    | Bought a ring of willpower for 450 gold pieces
 59239 | Elf:1    | Entered Level 1 of the Elven Halls
 59756 | Elf:1    | Got Boidouf's Volume of Beckoning
 60005 | Elf:1    | Found a runed translucent gate.
 60005 | Elf:1    | Found a runed translucent gate.
 60006 | Elf:1    | Found a runed translucent gate.
 60015 | Elf:1    | Noticed Curaycu's ghost (adept FeFi)
 60548 | Elf:1    | Found an iron altar of Okawaru.
 60745 | D:8      | Killed KineticRobot's ghost
 60980 | Lair:1   | Killed Frank's ghost
 61814 | Elf:2    | Found an ancient bone altar of Kikubaaqudgha.
 61819 | Elf:2    | Found Naysaeg's General Store.
 61828 | Elf:2    | Bought a potion of curing for 60 gold pieces
 62293 | Elf:2    | Reached XP level 21. HP: 221/235 MP: 23/23
 62319 | Elf:2    | Found a runed translucent gate.
 62320 | Elf:2    | Found a runed translucent gate.
 62320 | Elf:2    | Found a runed translucent gate.
 63126 | Elf:3    | Entered Level 3 of the Elven Halls
 64383 | Elf:1    | Killed Curaycu's ghost
 64415 | Elf:1    | Identified the orb "Radgh" {*channel, rElec Will+}
 64752 | Elf:3    | Found a runed translucent door.
 64768 | Elf:3    | Reached skill level 1 in Shields
 64842 | Elf:3    | Noticed Athor's ghost (adept FeFi)
 65096 | Elf:3    | Found the +2 cloak of the Thief {*Fog Slay-2 SInv Stlth+}
 65115 | Elf:3    | Identified the +5 plate armour of the Circus Animal {-Cast
                  | rF++ Regen+ Stlth+}
 65153 | Elf:3    | Identified the +4 plate armour of the Zebra {rPois Will+}
 66179 | Elf:3    | Identified the +6 quarterstaff of Unpleasantness {holy,
                  | ^Contam rN+ rCorr Int+2}
 66449 | Elf:3    | Identified the +0 spear of the Volcano {flame, rElec}
 66455 | Elf:3    | Got the Book of Gathered Nephomancy
 66492 | Elf:3    | Got the Textbook on the Heated Familiar
 66508 | Elf:3    | Got the Grimoire of Bewitchment
 66955 | Vaults:1 | Entered Level 1 of the Vaults
 67073 | Vaults:1 | Reached skill level 5 in Shields
 67086 | Vaults:1 | Reached XP level 22. HP: 161/248 MP: 24/24
 67740 | Vaults:1 | Noticed Nikola
 67755 | Vaults:1 | Killed Nikola
 70018 | Vaults:2 | Found a staircase to the Crypt.
 72429 | Vaults:3 | You fall into a shaft and drop 1 floor!
 72510 | Vaults:3 | Identified the orb of Purpose {light, rPois rF+ rC+}
 73422 | Vaults:3 | Reached XP level 23. HP: 207/261 MP: 25/25
 74191 | Vaults:3 | Found a runed translucent gate.
 74191 | Vaults:3 | Found a runed translucent gate.
 74191 | Vaults:3 | Found a runed translucent gate.
 74238 | Vaults:3 | Identified the +0 chain mail of Lies {^Contam Int+6}
 75110 | Vaults:3 | Noticed Faydane's ghost (veteran HuFi)
 75129 | Vaults:3 | Killed Faydane's ghost
 77462 | Vaults:4 | Identified the amulet of Qenworucw {Acrobat rCorr}
 77646 | Vaults:4 | Identified the +0 helmet "Sadwipateo" {Str+2}
 77654 | Vaults:4 | Identified the staff of Extinguishment {Conj Hexes}
 77656 | Vaults:4 | Identified the +5 ring mail of Dikeok {Will- Str+3 Int+4
                  | SInv}
 77925 | Depths:1 | Entered Level 1 of the Depths
 78265 | Depths:1 | Found a white marble altar of Elyvilon.
 79446 | Depths:1 | Found a gateway to Hell.
 80469 | Depths:1 | Found a one-way gate leading to the halls of Pandemonium.
 80919 | Depths:2 | Reached XP level 24. HP: 230/274 MP: 25/25
 80934 | Depths:2 | Noticed a caustic shrike
 80958 | Depths:1 | Killed a caustic shrike
 82121 | Depths:2 | Reached skill level 10 in Shields
 82215 | Depths:2 | Identified the +4 quarterstaff "Jaonin" {drain, Int+3}
 82320 | Depths:2 | Identified the +2 glaive of the Riding Coward {heavy,
                  | Will+++ Int-3 Dex-3 Stlth+}
 82771 | D:14     | Bought a potion of curing for 102 gold pieces
 82771 | D:14     | Bought a potion of might for 136 gold pieces
 82771 | D:14     | Bought a scroll of teleportation for 102 gold pieces
 82998 | Elf:2    | Bought 2 scrolls of teleportation for 120 gold pieces
 82998 | Elf:2    | Bought a potion of mutation for 160 gold pieces
 83781 | Depths:3 | Identified the ring "Tolout" {rC+++ EV+5 Int-2 Dex+4
                  | Stlth+}
 84058 | Depths:3 | Identified the ring of Imegahai {Str+6 Dex+5}
 84110 | Depths:3 | Noticed Margery
 84127 | Depths:3 | Killed Margery
 84417 | Depths:3 | Identified the ring of Tom Nant {^Drain *Slow rElec Will+++
                  | MP+9}
 84430 | Depths:3 | Reached XP level 25. HP: 284/284 MP: 25/25
 84900 | Depths:3 | Found a bloodstained altar of Trog.
 84990 | Depths:3 | Found a one-way gateway to a ziggurat.
 85313 | Depths:3 | Found a transporter.
 85315 | Depths:3 | Identified the +5 trident "Qileel" {elec, Dex+3}
 85374 | Depths:3 | Identified the +9 hand axe "Soczuf" {vamp, rN++ Will-
                  | Str+6}
 85420 | Depths:3 | Found a transporter.
 85471 | Depths:4 | Entered Level 4 of the Depths
 85583 | Depths:4 | Found Otenaikhu's One-of-a-Kind Books.
 85628 | Depths:4 | Found a huge runed translucent gate.
 85628 | Depths:4 | Found a huge runed translucent gate.
 85630 | Depths:4 | Found a huge runed translucent gate.
 85630 | Depths:4 | Found a huge runed translucent gate.
 85630 | Depths:4 | Found a huge runed translucent gate.
 85631 | Depths:4 | Found a huge runed translucent gate.
 85631 | Depths:4 | Found a huge runed translucent gate.
 85631 | Depths:4 | Found a huge runed translucent gate.
 85631 | Depths:4 | Found a huge runed translucent gate.
 85631 | Depths:4 | Found a huge runed translucent gate.
 85632 | Depths:4 | Found a huge runed translucent gate.
 85633 | Depths:4 | Found a huge runed translucent gate.
 85671 | Depths:4 | Found a huge runed translucent gate.
 85671 | Depths:4 | Found a huge runed translucent gate.
 85671 | Depths:4 | Found a huge runed translucent gate.
 85677 | Depths:4 | Found a huge runed translucent gate.
 85678 | Depths:4 | Found a huge runed translucent gate.
 85679 | Depths:4 | Found a huge runed translucent gate.
 85680 | Depths:4 | Found a huge runed translucent gate.
 85681 | Depths:4 | Found a huge runed translucent gate.
 85683 | Depths:4 | Found a huge runed translucent gate.
 85684 | Depths:4 | Found a huge runed translucent gate.
 85684 | Depths:4 | Noticed a juggernaut
 85685 | Depths:4 | Found a huge runed translucent gate.
 85787 | Depths:3 | Killed a juggernaut
 86118 | Depths:4 | Found a huge runed translucent gate.
 86118 | Depths:4 | Found a huge runed translucent gate.
 86219 | Depths:4 | Found a huge runed translucent gate.
 86232 | Depths:4 | Found a huge runed translucent gate.
 86232 | Depths:4 | Found a huge runed translucent gate.
 86236 | Depths:4 | Found a huge runed translucent gate.
 86237 | Depths:4 | Found a huge runed translucent gate.
 86238 | Depths:4 | Found a huge runed translucent gate.
 86239 | Depths:4 | Found a huge runed translucent gate.
 86240 | Depths:4 | Found a huge runed translucent gate.
 86240 | Depths:4 | Found a huge runed translucent gate.
 86243 | Depths:4 | Found a huge runed translucent gate.
 86245 | Depths:4 | Found a huge runed translucent gate.
 86359 | Depths:4 | Reached XP level 26. HP: 247/296 MP: 25/25
 87744 | Depths:4 | Found a gate to the Realm of Zot.
 87909 | Depths:4 | Acquired the ring "Bukkely" {*Corrode rElec rN+ Will+}
 88195 | Slime:1  | Entered Level 1 of the Pits of Slime
 88869 | Slime:2  | Noticed Dissolution
 88878 | Slime:1  | Killed Dissolution
 89078 | Slime:2  | Found a viscous altar of Jiyva.
 90242 | Slime:3  | Reached skill level 15 in Shapeshifting
 91850 | Slime:5  | Entered Level 5 of the Pits of Slime
 92943 | Slime:5  | Noticed the Royal Jelly
 92962 | Slime:5  | Killed the Royal Jelly
 93238 | Slime:5  | Found the +12 glaive of Prune {freeze, Prune}
 93267 | Slime:5  | Identified the +8 shortbow "Brush" {heavy, Will+ SInv
                  | Stlth+}
 93272 | Slime:5  | Identified the amulet of Kiapp {+Blink Will+ Regen+ MP+9}
 93278 | Slime:5  | Got a slimy rune of Zot
 93303 | Slime:5  | Got Sif Muna's Compilation of the Oath and Leadership
 93336 | Slime:5  | Got the Parchment of Wintry Bruises
 93346 | Slime:5  | Identified the +6 war axe of Uluoj {flame, rC+ rN+ Int+2
                  | SInv}
 93531 | Slime:5  | Acquired a manual of Dodging
 93934 | Zot:1    | Entered Level 1 of the Realm of Zot
 94790 | Zot:1    | Reached skill level 10 in Dodging
 95235 | Zot:2    | Reached XP level 27. HP: 264/309 MP: 25/25
 99453 | Zot:3    | Found the +4 dragonskin cloak
 99453 | Zot:3    | Noticed Tiamat
 99614 | Zot:2    | Annihilated by Tiamat

Illustrated notes

Levels and vault maps discovered:
D:1:      noname_arrival_rooms_in_the_neighbourhood, layout_basic
D:2:      layout_loops_ring, uniq_terence
D:3:      layout_rooms
D:4:      layout_basic, nicolae_ossuary_entry_giza, uniq_sigmund
D:5:      layout_basic, serial_shops, nicolae_shop_real_fake_doors
D:6:      layout_loops_ring, temple_doors_e, st_stairs_5, minmay_door_square,
          roderic_serpentine_path
D:7:      layout_basic
D:8:      layout_loops_corners, nicolae_overflow_hidden_temple,
          gammafunk_ghost_hydra_chop, chequers_decorated_corner
D:9:      layout_basic, uniq_pikel
D:10:     layout_grid_maze, okawaru_trees_2, amcnicky_altar_gilded, uniq_psyche
D:11:     layout_stronghold, david_lair_generic, orc_0_dummy,
          dreamdust_princess_bridge, the_hattery
D:12:     minmay_bubble_buster, layout_basic, gauntlet_entry_generic
D:13:     layout_long_grid
D:14:     layout_rooms, david_vaults_1, grunt_qazlal_clouds,
          nicolae_shop_distant_corner_stores, lemuel_freeze_loot_1
D:15:     grunt_enter_depths_giant_problem, layout_basic,
          minmay_misc_feat_four_crosses, uniq_azrael
Temple:   minmay_temple_bridge_d
Lair:1:   layout_cave_pods, gammafunk_ghost_wrathful_warriors,
          lemuel_fruit_fields, grunt_megastairs_2
Lair:2:   layout_hall_layers, nicolae_shoals_entry_roost, uniq_urug
Lair:3:   layout_hall_layers, nicolae_spider_entry_non_spiders,
          infiniplex_staircase_pool_2
Lair:4:   layout_regular_city, basic_altar, chequers_serial_rivers_micro_c,
          serial_bayou_shore_a, infiniplex_staircase_pool
Lair:5:   guppyfry_lair_end_dragon, layout_misc_corridors, slime_entry_1,
          nicolae_volcano_entry_lava_flow, guppyfry_lair_drakes,
          grunt_megastairs_4, uniq_rupert
Shoals:1: layout_shoals, nicolae_shoals_this_corrosion
Shoals:2: layout_shoals, nicolae_shoals_abyss_on_the_beach
Shoals:3: layout_shoals
Shoals:4: shoals_end_grunt_ice, layout_shoals,
          nicolae_shoals_lost_giant_pillars, uniq_mlioglotl
Spider:1: nicolae_spider_mines_3, portal_ice_cave_entry_ugly_swarm
Spider:2: layout_spider_delve, nicolae_spider_swamp_cousins
Spider:3: layout_spider_delve
Spider:4: grunt_spider_rune_island
Slime:1:  layout_caves, nicolae_slime_phagocytosis
Slime:2:  layout_caves, basic_altar, dissolution_awaits
Slime:3:  nicolae_slime_jelly_donut, layout_caves, uniq_dissolution
Slime:4:  layout_caves, cheibrodos_slime_lost_civilization_4
Slime:5:  slime_pit
Orc:1:    layout_diamond_mine, basic_altar
Orc:2:    st_orc_congregation, layout_diamond_mine, serial_shops,
          nicolae_shop_crystal, lightli_orcish_oven
Elf:1:    nicolae_elf_arrival_fired_up, layout_geoelf_diagonals,
          gammafunk_ghost_fury_of_okawaru, minmay_elf_demonology
Elf:2:    nicolae_elf_blades_crystal_corner, layout_geoelf_diagonals,
          basic_altar, serial_shops, shop, lemuel_upstairs_altar
Elf:3:    minmay_elf_hall_four_x, layout_geoelf_octagon,
          hellmonk_ghost_happy_afterlife, grunt_ministairs_12,
          minmay_the_grid_square_5x5_3x3_mashed
          [minmay_the_grid_square_5x5_inverted_slash,
          minmay_the_grid_square_5x5_minibox,
          minmay_the_grid_square_5x5_two_walls_b,
          minmay_the_grid_square_5x5_gyroscope,
          minmay_the_grid_square_5x5_megaprize_crossed,
          minmay_the_grid_square_5x5_corner, minmay_the_grid_square_5x5_percent,
          minmay_the_grid_square_5x5_spiral_small,
          minmay_the_grid_square_5x5_checkered_statues]
Vaults:1: ontoclasm_vaults_tryst, v_alt_pattern_5,
          nicolae_vaults_more_shelving_2, vaults_mumra_lcd, v_rooms_5,
          vaults_room_large_hall, st_smaller_cells, layout_vaults_omnibox,
          uniq_nikola
Vaults:2: v_alt_pattern_2, nicolae_vaults_sightless_eye,
          dpeg_vaults_monster_box, nicolae_vaults_wine_cellar, v_misc_13,
          nicolae_vaults_surprise_closet, layout_vaults_omnigrid,
          minmay_crypt_entry_simple_walls
Vaults:3: ebering_ghost_rock_garden, v_misc_24, st_squares,
          ontoclasm_vaults_decontamination, nicolae_vaults_big_ls, v_misc_28,
          hangedman_vaults_corner, nicolae_vaults_turnstiles,
          nicolae_vaults_offset_grid_hallway_3, minmay_orc_keep,
          nicolae_vaults_sealed_display, hangedman_vaults_corner_blocks,
          nicolae_vaults_variable_pillar_hall, nicolae_vaults_little_squares_2,
          ontoclasm_vaults_twist, layout_vaults_ring
Vaults:4: v_rooms_2, nicolae_vaults_arrows, nicolae_vaults_heart-shaped_vault,
          nicolae_vaults_layer_cake_slice, vaults_room_stairs_pillars,
          nicolae_vaults_storing_the_good_stuff,
          nicolae_vaults_mini_display_case, dpeg_vaults_monster_row,
          hangedman_vaults_restitches, nicolae_vaults_specimen_jars,
          nicolae_vaults_tetromino_L_2, layout_vaults_omnicross
Depths:1: layout_small_grid, rand_demon_pan_entry_8, grunt_hell_entry_dis_mu,
          minivault_16, elyvilon_altar_1
Depths:2: hangedman_six_sided_sadism, layout_cave_pools, hell_entry,
          hangedman_glass_teeth, rand_demon_pan_entry_1, serial_bayou_shore_b
Depths:3: hangedman_spin_cycle, hell_entry, abyss_entry
Depths:4: grunt_twist_and_shout, layout_gridville, kennysheep_pointless_box,
          hell_entry, nicolae_rare_books, door_vault
Zot:1:    layout_gridlike
Zot:2:    layout_misc_corridors
Zot:3:    grunt_zot_stairs_faceoff, layout_cathedral_of_symmetry,
          hangedman_zot_wheel_spokes, uniq_tiamat

Skill      XL: |  1  2  3  4  5  6  7  8  9 10 11 12 13 14 15 16 17 18 19 20 21 22 23 24 25 26 27 |
---------------+----------------------------------------------------------------------------------+-----
Unarmed Combat | 3 4 5 7 9 10 11 12 14 15 16 17 18 19 20 21 22 24 | 24.3
Fighting       | 2 3 4 5 6 8 10 11 12 13 14 15 16 17 18 19 20 21 22 23 24 | 24.4
Throwing       | 1 2 3 4 5 8 10 11 13 14 15 16 17 18 19 20 21 22 23 | 23.2
Shapeshifting  | 4 5 7 9 10 11 12 13 14 15 | 15.8
Dodging        | 2 4 5 6 7 8 9 10 11 | 11.1
Translocations | 2 |  2.7
Shields        | 5 8 9 11 12 | 12.0
Spellcasting   | |  0.3

Action                     |  1- 3 |  4- 6 |  7- 9 | 10-12 | 13-15 | 16-18 | 19-21 | 22-24 | 25-27 || total
---------------------------+-------+-------+-------+-------+-------+-------+-------+-------+-------++-------
  Melee: Unarmed           |    76 |   228 |   270 |   486 |   975 |  1315 |   801 |  1320 |  1094 ||  6565
         Headbutt          |     7 |    33 |    43 |    99 |   221 |   282 |   166 |   405 |   361 ||  1617
         Punch             |     4 |     8 |     8 |    36 |    76 |   132 |    65 |       |       ||   329
         Kick              |       |       |       |    67 |   320 |   429 |   278 |   651 |   528 ||  2273
         Constrict         |       |       |       |       |       |    48 |       |       |       ||    48
  Throw: Dart              |       |       |     6 |     6 |       |       |       |       |       ||    12
         Large rock        |       |       |       |    17 |    56 |    41 |     8 |     2 |    33 ||   157
         Javelin           |       |       |       |       |     7 |    10 |     1 |       |     5 ||    23
         Boomerang         |       |       |       |       |       |     7 |   294 |   201 |    72 ||   574
 Invoke: Serpent's Lash    |       |       |       |       |       |     3 |     1 |     3 |     2 ||     9
         Heavenly Storm    |       |       |       |       |       |       |       |     1 |     1 ||     2
Ability: Lunge             |       |       |       |    21 |    88 |    56 |    86 |    55 |    60 ||   366
         Whirlwind         |       |       |       |     9 |    35 |    56 |    30 |    55 |    80 ||   265
  Evoke: Wand              |       |       |     1 |     3 |     2 |     4 |     5 |     1 |       ||    16
    Use: Scroll            |       |     6 |     5 |     6 |    13 |     3 |     7 |     2 |     6 ||    48
         Potion            |       |       |     4 |     2 |     6 |    10 |     1 |     7 |     5 ||    35
   Stab: Sleeping          |     1 |       |       |       |       |       |       |       |       ||     1
         Distracted        |       |       |       |     1 |       |       |       |       |       ||     1
         Petrified         |       |       |       |       |     4 |       |       |       |       ||     4
         Invisible         |       |       |       |       |     2 |       |       |       |       ||     2
 Armour: Animal skin       |    34 |       |       |       |       |       |       |       |       ||    34
         Robe              |       |   149 |   224 |   155 |       |       |       |       |       ||   528
         Skin              |       |       |     2 |       |       |   289 |       |       |       ||   291
         Acid dragon scale |       |       |       |   153 |   682 |   190 |       |       |       ||  1025
         Gold dragon scale |       |       |       |       |       |  1020 |   729 |  1009 |  1032 ||  3790
  Dodge: Dodged            |    22 |    78 |   131 |   163 |   414 |   460 |   150 |   201 |   172 ||  1791
  Block: Kite shield       |       |       |       |       |       |       |    36 |   422 |   473 ||   931
   Form: Serpent           |       |       |       |       |       |     3 |       |       |       ||     3
         Beast             |       |       |       |       |       |     3 |       |       |       ||     3
